[Event "95th Caplin Hastings Congress"]
[Site "Hastings"]
[Date "2020.01.04"]
[Round "8.29"]
[White "Okhai, Shabir"]
[Black "Wall, Tim P"]
[Result "0-1"]
[ECO "C90"]
[WhiteElo "2103"]
[BlackElo "2218"]
[Annotator "ChessBase"]
[PlyCount "132"]
[EventDate "2019.12.28"]
[EventType "swiss"]
[EventCountry "ENG"]
[SourceTitle "playchess.com"]
[Source "ChessBase"]
[SourceQuality "1"]
[TimeControl "40/6600+30:3000+30"]

1. e4 e5 2. Nf3 Nc6 3. Bc4 Nf6 4. d3 Be7 5. O-O O-O 6. Re1 d6 7. c3 Na5 8. Bb5 a6 9. Ba4 b5 10. Bc2 c5 11. Nbd2 Qc7 12. Nf1 Re8 13. Ng3 g6 14. Bg5 Nd7 15. Bxe7 Rxe7 16. Qd2 Nf8 17. h3 Ne6 18. Nh2 Qd8 19. Ng4 Rc7 20. Rad1 Nf4 21. Ne3 Be6 22. Bb1 Qg5 23. Nd5 Bxd5 24. exd5 h5 25. Kh2 h4 26. Rg1 hxg3+ 27. fxg3 Nxh3 28. gxh3 Qxd2+ 29. Rxd2 b4 30. Bc2 bxc3 31. bxc3 Rb8 32. Ba4 Rcb7 33. g4 f6 34. h4 c4 35. d4 exd4 36. Rxd4 Rb2+ 37. Rg2 Rxg2+ 38. Kxg2 Rb2+ 39. Kf3 Rxa2 40. Be8 Ra3 41. Bxg6 Rxc3+ 42. Kf4 Nb3 43. Rd1 Nc5 44. h5 Kg7 45. Rd2 Rb3 46. Re2 Nd3+ 47. Kf5 Ne5 48. h6+ Kxh6 49. Rh2+ Kg7 50. Rh7+ Kg8 51. Kxf6 Rf3+ 52. Kg5 Rf4 53. Rh4 Rd4 54. Kf6 Nxg6 55. Kxg6 c3 56. Rh1 Rxd5 57. Rc1 Rc5 58. Kf6 a5 59. Ke6 a4 60. Kxd6 Rc8 61. Kd5 c2 62. Kd4 a3 63. Kd3 a2 64. Kd2 Kg7 65. Rxc2 Rxc2+ 66. Ke1 a1=Q# 0-1

[Event "95th Caplin Hastings Congress"]
[Site "Hastings"]
[Date "2020.01.04"]
[Round "8.30"]
[White "Pekin, Tolgay"]
[Black "Ratnesan, Ranesh"]
[Result "0-1"]
[ECO "B52"]
[WhiteElo "2080"]
[BlackElo "2252"]
[Annotator "ChessBase"]
[PlyCount "132"]
[EventDate "2019.12.28"]
[EventType "swiss"]
[EventCountry "ENG"]
[SourceTitle "playchess.com"]
[Source "ChessBase"]
[SourceQuality "1"]
[TimeControl "40/6600+30:3000+30"]

1. e4 c5 2. Nf3 d6 3. Bb5+ Bd7 4. Bxd7+ Nxd7 5. O-O Ngf6 6. Qe2 Rc8 7. c3 e6 8. d4 cxd4 9. cxd4 d5 10. e5 Ne4 11. Be3 Be7 12. Ne1 f5 13. f3 Ng5 14. Nc3 O-O 15. Nd3 Nb6 16. Rac1 Nc4 17. Bf2 b6 18. Nf4 Qd7 19. Rc2 Rc6 20. Rfc1 Rfc8 21. Qd3 Nf7 22. Ncxd5 exd5 23. e6 Rxe6 24. Nxe6 Qxe6 25. b3 Ncd6 26. Rxc8+ Nxc8 27. Qb5 Nfd6 28. Qc6 f4 29. Re1 Qf7 30. Re5 Bf8 31. Bh4 Nf5 32. Bd8 Ncd6 33. Qxd5 Qxd5 34. Rxd5 h6 35. Bc7 Kf7 36. Bxd6 Nxd6 37. Re5 Kf6 38. Kf1 Nf5 39. Re8 Bd6 40. Ra8 a5 41. Rd8 Ke7 42. Rg8 Kf7 43. Rd8 Ke6 44. Ke2 Nxd4+ 45. Kd3 Nc6 46. Re8+ Kd5 47. a4 Nd4 48. Kc3 Nf5 49. Kd3 Nd4 50. Kc3 Ne6 51. Kd3 Be5 52. Rc8 g5 53. Rg8 h5 54. Rc8 g4 55. Rg8 g3 56. h3 Nc5+ 57. Kc2 Kd4 58. Re8 h4 59. Kd1 Nxb3 60. Re6 Nc5 61. Rxb6 Nxa4 62. Rh6 Nc3+ 63. Kc2 Nd5 64. Rxh4 Ne3+ 65. Kb3 Nxg2 66. Rg4 Ke3 0-1

[Event "95th Caplin Hastings Congress"]
[Site "Hastings"]
[Date "2020.01.04"]
[Round "8.31"]
[White "McNally, Richard J E"]
[Black "Gallagher, Daniel GH"]
[Result "0-1"]
[ECO "A45"]
[WhiteElo "1967"]
[BlackElo "2171"]
[Annotator "NA"]
[PlyCount "128"]
[EventDate "2019.12.28"]
[EventType "swiss"]
[EventCountry "ENG"]
[SourceTitle "playchess.com"]
[Source "ChessBase"]
[SourceQuality "1"]
[TimeControl "40/6600+30:3000+30"]

1. d4 Nf6 2. f3 d5 3. e4 e6 4. e5 Nfd7 5. f4 c5 6. Nf3 Nc6 7. a3 cxd4 8. b4 a6 9. Bd3 b5 10. Bb2 Bb7 11. Nxd4 Qb6 12. Nxc6 Bxc6 13. Qe2 a5 14. Nc3 axb4 15. Nxb5 Bxb5 16. Bxb5 bxa3 17. Bc3 Bc5 18. g3 Ra7 19. Kf1 O-O 20. Kg2 Bd4 21. Bxd4 Qxd4 22. Bxd7 Rxd7 23. Rxa3 Rc7 24. Rd3 Qb2 25. Rd2 Rc3 26. Rf1 Rfc8 27. Rf2 Qb6 28. f5 exf5 29. Rxf5 Qe6 30. Qf2 h6 31. Rf4 R8c7 32. Rfd4 R3c5 33. Qe2 Qf5 34. Qd3 Qxe5 35. c4 Rxc4 36. Rxd5 Qe4+ 37. Qxe4 Rxe4 38. Rf2 f6 39. Rdd2 Kh7 40. Ra2 Kg6 41. Rab2 h5 42. h4 Rce7 43. Ra2 Rg4 44. Ra3 Rf7 45. Ra6 Kh7 46. Ra5 g6 47. Ra6 f5 48. Kh3 Re7 49. Rf3 Re2 50. Ra7+ Kh6 51. Ra6 Rd4 52. Ra1 Rdd2 53. Rh1 Kg7 54. Ra3 Rf2 55. Ra4 Rd3 56. Rh2 Rff3 57. Rg2 f4 58. Kh2 Rxg3 59. Rxg3 fxg3+ 60. Kg2 g5 61. hxg5 Kg6 62. Ra5 h4 63. Ra4 Rd2+ 64. Kh3 Rh2+ 0-1

[Event "95th Caplin Hastings Congress"]
[Site "Hastings"]
[Date "2020.01.04"]
[Round "8.32"]
[White "Graham, David B"]
[Black "Comellas Blanchart, Jordi"]
[Result "1/2-1/2"]
[ECO "B92"]
[WhiteElo "2152"]
[BlackElo "2125"]
[Annotator "ChessBase"]
[PlyCount "122"]
[EventDate "2019.12.28"]
[EventType "swiss"]
[EventCountry "ENG"]
[SourceTitle "playchess.com"]
[Source "ChessBase"]
[SourceQuality "1"]
[TimeControl "40/6600+30:3000+30"]

1. e4 c5 2. Nf3 d6 3. d4 cxd4 4. Nxd4 Nf6 5. Nc3 a6 6. Be2 e5 7. Nb3 Be7 8. O-O O-O 9. Be3 Be6 10. Nd5 Nbd7 11. f3 Nxd5 12. exd5 Bf5 13. Qd2 Rc8 14. c4 b6 15. c5 Nxc5 16. Nxc5 dxc5 17. Bxa6 Rc7 18. a4 Qa8 19. Bc4 Rd8 20. a5 Ra7 21. Bg5 Bf6 22. Bxf6 gxf6 23. Qh6 Rd6 24. f4 e4 25. Ra3 b5 26. Bxb5 Rxa5 27. Rg3+ Bg6 28. Bc4 f5 29. h4 Qf8 30. Qh5 Qg7 31. Qd1 h5 32. Kh2 Qxb2 33. Qxh5 Ra3 34. Qe2 Qxe2 35. Bxe2 Rxg3 36. Kxg3 Rxd5 37. h5 Bh7 38. Ra1 Rd8 39. Ra7 Rc8 40. Bc4 Kh8 41. Bxf7 Bg8 42. Kf2 c4 43. Bxg8 Kxg8 44. Ke2 c3 45. Kd1 c2+ 46. Kc1 Rc5 47. Re7 Ra5 48. Re5 Ra1+ 49. Kxc2 Ra2+ 50. Kc3 Rxg2 51. Rxf5 Ra2 52. Kd4 Ra4+ 53. Ke3 Kg7 54. Re5 Kh6 55. Rxe4 Ra3+ 56. Kd4 Kxh5 57. Ke5 Kg6 58. Rb4 Ra5+ 59. Ke4 Kf6 60. Rb6+ Kf7 61. f5 Ra1 1/2-1/2

[Event "95th Caplin Hastings Congress"]
[Site "Hastings"]
[Date "2020.01.04"]
[Round "8.33"]
[White "Eames, Robert S"]
[Black "Akeya-Price, Robert"]
[Result "1-0"]
[ECO "B12"]
[WhiteElo "2150"]
[BlackElo "1818"]
[Annotator "ChessBase"]
[PlyCount "113"]
[EventDate "2019.12.28"]
[EventType "swiss"]
[EventCountry "ENG"]
[SourceTitle "playchess.com"]
[Source "ChessBase"]
[SourceQuality "1"]
[TimeControl "40/6600+30:3000+30"]

1. e4 c6 2. d4 d5 3. e5 c5 4. dxc5 e6 5. a3 Bxc5 6. b4 Be7 7. Nf3 a5 8. b5 Nd7 9. Bd3 Qc7 10. Qe2 Nh6 11. Bxh6 gxh6 12. O-O b6 13. Nbd2 Bb7 14. c4 Nc5 15. cxd5 Bxd5 16. Bc4 O-O-O 17. Bxd5 Rxd5 18. Rac1 Kb8 19. Rc4 Qd7 20. a4 Rd8 21. Ne4 Rd1 22. g3 Rd3 23. Nd6 Bxd6 24. exd6 Qxd6 25. Ne5 Qd5 26. Rf4 Rd2 27. Nc6+ Kc7 28. Qg4 Rf8 29. Qg7 Nd7 30. Rxf7 Rxf7 31. Qxf7 Rd1 32. Qxh7 Rxf1+ 33. Kxf1 Qd1+ 34. Kg2 Qxa4 35. Qd3 Qa2 36. Nd4 Qd5+ 37. f3 a4 38. Qc2+ Nc5 39. Qh7+ Qd7 40. Qh8 a3 41. Nc6 Qd2+ 42. Kh3 Nd7 43. Qd8+ Kb7 44. Ne7 Qc2 45. Qxd7+ Ka8 46. Qxe6 Qc7 47. Nd5 Qb7 48. Ne7 Qa7 49. Nc6 Qc7 50. g4 Kb7 51. Qd5 Kc8 52. Nb4 Qf4 53. Qc6+ Kd8 54. Qa8+ Kd7 55. Qxa3 h5 56. Qd3+ Kc8 57. Qf5+ 1-0